 Dungeon Crawl Stone Soup version 0.18-a0-917-g8a3da5b (webtiles) character file.

252 st0uf the Shield-Bearer (level 6, -3/48 HPs)
             Began as a Formicid Fighter on Dec 26, 2015.
             Was a Follower of Makhleb.
             Slain by an ufetubus (4 damage)
             ... summoned by Eustachio
             ... on level 4 of the Dungeon.
             The game lasted 00:13:19 (2843 turns).

st0uf the Shield-Bearer (Formicid Fighter)          Turns: 2843, Time: 00:13:20

Health: -3/48      AC:  7    Str: 28    XL:     6   Next: 36%
Magic:  7/7        EV:  9    Int:  7    God:    Makhleb [*.....]
Gold:   217        SH: 10    Dex: 10    Spells: 0 memorised, 5 levels left

rFire  . . .     SeeInvis +     a - +0 long sword
rCold  . . .     Gourm    .     b - +0 scale mail
rNeg   . . .     Faith    .     c - +0 shield
rPois  .         Spirit   .     (helmet unavailable)
rElec  .         Dismiss  .     (no cloak)
rCorr  .         Reflect  .     (no gloves)
SustAt .         Harm     .     (no boots)
MR     .....                    (no amulet)
Stlth  ..........               (no ring)
                                m - ring of flight

@: mighty, not resistant to hostile enchantments, extremely unstealthy
A: permanent stasis, dig shafts and tunnels, four strong arms, antennae 3
a: Dig, Shaft Self, Renounce Religion, Evoke Flight


You were on level 4 of the Dungeon.
You worshipped Makhleb.
Makhleb was aware of your devotion.
You were not hungry.

You visited 1 branch of the dungeon, and saw 4 of its levels.

You collected 217 gold pieces.

Inventory:

Hand Weapons
 a - a +0 long sword (weapon)
Armour
 b - a +0 scale mail (worn)
 c - a +0 shield (worn)
 o - a +0 buckler
Jewellery
 m - a ring of flight (left hand)
Scrolls
 e - 3 scrolls of remove curse {unknown}
 h - a scroll of fog {unknown}
 j - 5 scrolls of teleportation {unknown}
 k - 3 scrolls of magic mapping {unknown}
 l - 4 scrolls of identify {unknown}
 p - a scroll of amnesia {unknown}
 s - 3 scrolls of immolation {unknown}
 t - a scroll of enchant armour {unknown}
 v - 2 scrolls of blinking {unknown}
 y - a scroll of random uselessness {unknown}
Potions
 i - a potion of degeneration {unknown}
 n - 2 potions of mutation {unknown}
 q - a potion of flight {unknown}
 u - a potion of curing {unknown}
 w - 2 potions of heal wounds {unknown}
Comestibles
 f - a bread ration
 g - 4 meat rations
 r - a royal jelly
 x - a slice of pizza


   Skills:
 + Level 4.0 Fighting
 + Level 3.0 Long Blades
 + Level 4.5 Armour
 + Level 2.1 Dodging
 + Level 4.9 Shields
 * Level 1.3 Invocations


You had 5 spell levels left.
You didn't know any spells.

Dungeon Overview and Level Annotations

Branches:
Dungeon (4/15)
 Temple: D:4-7

Altars:
Fedhas
Makhleb
Pakellas
Qazlal
Xom

Annotations:
D:4 Eustachio


Innate Abilities, Weirdness & Mutations

You are under a permanent stasis effect.
You can dig through walls and to a lower floor.
Your four strong arms can wield two-handed weapons with a shield.
You have a pair of large antennae on your head (SInv).


Message History

The white imp freezes you.
* * * LOW HITPOINT WARNING * * *
Eustachio hits you but does no damage. You block the quokka's attack.
The crimson imp hits you.
* * * LOW HITPOINT WARNING * * *
The white imp barely misses you.
You closely miss Eustachio.
Eustachio is almost dead.
The quokka bites you but does no damage.
Eustachio hits you but does no damage. You block the ufetubus's attack.
The ufetubus hits you but does no damage.
You block the crimson imp's attack. The white imp gestures at you.
The puff of frost misses you.
The puff of frost hits the crimson imp.
The crimson imp is frozen!
The quokka bites you.
* * * LOW HITPOINT WARNING * * *
Eustachio hits you with a rapier.
* * * LOW HITPOINT WARNING * * *
The ufetubus hits you.
You die...

#.......#......#... #.
.##.......+......#...
...{.........#......####
.... #.......#......#
....##.......#......#
............#......#
............#......#
####+##.r5....#......#
#.....#5@@....#......#
#..!...5###...#......#
#......#ยง5.#..#......#
#.....###_###..#######
#......#...#...#
#.......# #....#
#..............#
................#
..#####.........#


You could see Eustachio, a crimson imp, a white imp, an ufetubus and a quokka.

Vanquished Creatures
  A crimson imp (D:3)
  2 orc wizards (D:3)
  5 adders
  An ooze (D:2)
  3 worms
  6 giant geckos
  4 orcs (D:3)
  15 bats
  8 giant cockroaches
  6 goblins
  7 hobgoblins
  6 jackals
  A quokka (D:3)
  2 ball pythons
  6 giant newts
  13 kobolds
  14 rats
100 creatures vanquished.

Vanquished Creatures (others)
  2 plants (D:1)
2 creatures vanquished.

Grand Total: 102 creatures vanquished

Notes
Turn   | Place    | Note
--------------------------------------------------------------
     0 | D:1      | st0uf the Formicid Fighter began the quest for the Orb.
     0 | D:1      | Reached XP level 1. HP: 18/18 MP: 1/1
    71 | D:1      | Reached XP level 2. HP: 17/24 MP: 2/2
   299 | D:1      | Reached skill level 4 in Shields
   340 | D:1      | Reached XP level 3. HP: 24/29 MP: 3/3
   980 | D:2      | Reached XP level 4. HP: 37/37 MP: 4/4
  1108 | D:2      | Reached skill level 1 in Dodging
  1365 | D:2      | Reached XP level 5. HP: 42/42 MP: 5/5
  1670 | D:3      | Found a burning altar of Makhleb.
  1673 | D:3      | Found a shimmering altar of Xom.
  1680 | D:3      | Became a worshipper of Makhleb the Destroyer
  2103 | D:3      | Reached skill level 1 in Invocations
  2304 | D:3      | Reached * piety under Makhleb
  2304 | D:3      | Reached XP level 6. HP: 48/48 MP: 6/6
  2686 | D:4      | Found a blossoming altar of Fedhas.
  2693 | D:4      | Found a stormy altar of Qazlal.
  2817 | D:4      | Found an oddly glowing altar of Pakellas.
  2826 | D:4      | Noticed Eustachio
  2843 | D:4      | HP: 1/48 [Eustachio/rapier (4)]
  2843 | D:4      | Slain by an ufetubus

Vault maps used:
D:1:      dpeg_arrival_ratfight, lexackson_kobold_supper
D:3:      grunt_temple_overflow_champion_of_chaos, serial_bayou_pond_c
D:4:      grunt_temple_overflow_forces_of_nature, grunt_pakellas_salt,
          first_bread, uniq_eustachio

Action                   |  1- 3 |  4- 6 || total
-------------------------+-------+-------++-------
Melee: Long sword        |   159 |   216 ||   375
  Use: Potion            |       |     1 ||     1
 Stab: Invisible         |       |     1 ||     1
  Eat: Chunk             |     1 |     6 ||     7
